 Dungeon Sprint DCSS version 0.19.0-2-gae57169 (webtiles) character file.

120 poirepourri the Ducker (level 4, -5/35 HPs)
             Began as a Vampire Gladiator on Nov 3, 2016.
             Was a Follower of Makhleb.
             Slain by a deep elf mage
             ... wielding a +0 long sword
              (6 damage)
             ... in the Dungeon (Sprint VII: "The Pits").
             The game lasted 00:01:14 (278 turns).

poirepourri the Ducker (Vampire Gladiator)           Turns: 278, Time: 00:01:15

Health: -5/35      AC:  4    Str: 14    XL:     4   Next: 75%
Magic:  4/4        EV: 16    Int: 10    God:    Makhleb [*.....]
Gold:   0          SH:  0    Dex: 15    Spells: 0 memorised, 3 levels left

rFire  . . .     SeeInvis +     l - +2 falchion
rCold  . . .     Gourm    .     b - +0 leather armour
rNeg   + . .     Faith    .     (no shield)
rPois  .         Spirit   .     c - +0 helmet
rElec  .         Reflect  .     (no cloak)
rCorr  .         Harm     .     (no gloves)
MR     .....     NoTele   +     (no boots)
Stlth  +.........               (no amulet)
                                (no ring)
                                (no ring)

@: exhausted, very slightly contaminated, hasted and slowed, glowing
A: fangs 3, see invisible, unbreathing
a: Bat Form, Renounce Religion


You were in the Dungeon.
You worshipped Makhleb.
Makhleb was aware of your devotion.
You were not thirsty.

You visited 1 branch

Inventory:

Hand Weapons
 a - a +0 long sword
 l - a +2 falchion (weapon)
Missiles
 d - 3 throwing nets (quivered)
Armour
 b - a +0 leather armour (worn)
 c - a +0 helmet (worn)
Scrolls
 k - a scroll of blinking
 n - 3 scrolls of remove curse
 o - 5 scrolls of amnesia
Potions
 e - a potion of blood
 i - 4 potions of magic
 j - 2 potions of berserk rage
 m - 2 potions of invisibility


   Skills:
 + Level 3.3 Fighting
 + Level 6.3 Long Blades
 + Level 2.6 Throwing
 + Level 2.2 Armour
 + Level 7.0 Dodging


You had 3 spell levels left.
You didn't know any spells.

Dungeon Overview and Level Annotations

Branches:
Dungeon (1/1)

Altars:
Ashenzari
Cheibriados
Dithmenos
Elyvilon
Fedhas
Gozag
Hepliaklqana
Kikubaaqudgha
Makhleb
Nemelex Xobeh
Okawaru
Qazlal
Ru
Sif Muna
Trog
Uskayaw
Vehumet
Xom
Yredelemnul
Zin
The Shining One
Beogh
Jiyva
Lugonu


Innate Abilities, Weirdness & Mutations

You have razor-sharp teeth.
You have supernaturally acute eyesight. (SInv)
You can survive without breathing.


Message History

The red devil hits you from afar with a trident!
* * * LOW HITPOINT WARNING * * *
The deep elf mage casts a spell.
The deep elf mage blinks!
You miss the deep elf mage.
The deep elf mage is moderately wounded.
The red devil misses you.
You feel better.
The deep elf mage hits you with a long sword.
The red devil hits you from afar with a trident.
You completely miss the deep elf mage.
The deep elf mage is moderately wounded.
The deep elf mage barely misses you.
The red devil hits you from afar with a trident!
* * * LOW HITPOINT WARNING * * *
You hit the deep elf mage. Your bite misses the deep elf mage.
The deep elf mage is moderately wounded.
The chaos spawn degenerates into a cloud of primal chaos!
The deep elf mage hits you with a long sword.
You die...

############
#__________#
#__________#
#____#####'#######
######)))#.##.....
#%?(.').)'.##.....
##########.##.....
#...........'.....
#@#####+#####.....
#e# #..... #4#
####'# #§# #.....
#g# #..... #r#
#..... #h# #...<.
#r# #..... #§#
#.....


You could see a deep elf mage, a red devil, a black bear, a hell rat, a gnoll
and a river rat.

Vanquished Creatures
  2 gnolls (D)
  An ufetubus (D)
3 creatures vanquished.

Vanquished Creatures (collateral kills)
  A porcupine (D)
  A quasit (D)
  A gnoll shaman (D)
3 creatures vanquished.

Grand Total: 6 creatures vanquished

Notes
Turn   | Place    | Note
-------+----------+-------------------------------------------
     0 | D        | poirepourri the Vampire Gladiator began the quest for the Orb.
     0 | D        | Reached XP level 1. HP: 16/16 MP: 1/1
    14 | D        | Reached skill level 4 in Dodging
   187 | D        | Found a radiant altar of Vehumet.
   187 | D        | Found a hide-covered altar of Uskayaw.
   187 | D        | Found an ancient bone altar of Kikubaaqudgha.
   187 | D        | Found a viscous altar of Jiyva.
   187 | D        | Found a hazy altar of Hepliaklqana.
   188 | D        | Found a bloodstained altar of Trog.
   188 | D        | Found a deep blue altar of Sif Muna.
   188 | D        | Found a sacrificial altar of Ru.
   188 | D        | Found a stormy altar of Qazlal.
   188 | D        | Found an iron altar of Okawaru.
   188 | D        | Found a sparkling altar of Nemelex Xobeh.
   188 | D        | Found an opulent altar of Gozag.
   188 | D        | Found a blossoming altar of Fedhas.
   188 | D        | Found a white marble altar of Elyvilon.
   188 | D        | Found a shadowy altar of Dithmenos.
   188 | D        | Found a snail-covered altar of Cheibriados.
   189 | D        | Found a glowing golden altar of the Shining One.
   189 | D        | Found a glowing silver altar of Zin.
   190 | D        | Found a burning altar of Makhleb.
   190 | D        | Found a basalt altar of Yredelemnul.
   190 | D        | Found a roughly hewn altar of Beogh.
   191 | D        | Found a corrupted altar of Lugonu.
   191 | D        | Found a shimmering altar of Xom.
   191 | D        | Found a shattered altar of Ashenzari.
   200 | D        | Became a worshipper of Makhleb the Destroyer
   234 | D        | Noticed a gnoll shaman
   235 | D        | Noticed a porcupine
   239 | D        | Noticed a quasit
   244 | D        | Noticed a deep elf mage
   245 | D        | Reached XP level 2. HP: 22/22 MP: 2/2
   248 | D        | Reached skill level 1 in Armour
   248 | D        | Reached skill level 5 in Dodging
   253 | D        | Noticed a rust devil
   255 | D        | Noticed a black bear
   256 | D        | Noticed an ice devil
   260 | D        | Reached * piety under Makhleb
   260 | D        | Reached skill level 5 in Long Blades
   260 | D        | Reached XP level 3. HP: 22/28 MP: 3/3
   266 | D        | Reached skill level 6 in Dodging
   266 | D        | Reached XP level 4. HP: 20/34 MP: 4/4
   266 | D        | Killed a porcupine
   266 | D        | Reached skill level 7 in Dodging
   268 | D        | Noticed a red devil
   268 | D        | Noticed a chaos spawn
   277 | D        | HP: 1/35 [red devil/trident[a deep elf mage] (14)]
   278 | D        | Slain by a deep elf mage

Skill      XL: |  1  2  3  4 |
---------------+-------------+-----
Dodging        | 4 5 6 7 |  7.0
Fighting       | 2 3 |  3.3
Long Blades    | 4 5 6 |  6.3
Throwing       | 2 |  2.6
Armour         | 1 2 |  2.2

Action                   |  1- 3 |  4- 6 || total
-------------------------+-------+-------++-------
Melee: Long sword        |     5 |       ||     5
       Falchion          |    14 |     7 ||    21
       Bite              |     3 |       ||     3
  Use: Potion            |     2 |     2 ||     4
       Scroll            |     1 |       ||     1
Armor: Leather armour    |    14 |       ||    14
Dodge: Dodged            |    40 |     6 ||    46
       Rpst.: Falchion   |     2 |     1 ||     3
